 Dungeon Crawl Stone Soup version 0.18-a0-775-g4d9e04e (webtiles) character file.

5638 hadoken the Slicer (level 10, -3/59 HPs)
             Began as a Vine Stalker Assassin on Dec 13, 2015.
             Was a Believer of Ashenzari.
             Slain by Snorg (10 damage)
             ... on level 10 of the Dungeon.
             The game lasted 00:27:41 (8630 turns).

hadoken the Slicer (Vine Stalker Assassin)          Turns: 8630, Time: 00:27:41

Health: -3/59      AC:  6    Str: 17    XL:     10   Next: 74%
Magic:  0/11       EV: 12    Int: 11    God:    Ashenzari [**....]
Gold:   80         SH:  0    Dex: 21    Spells: 0 memorised, 9 levels left

rFire  . . .     SeeInvis .     b - +0 blowgun
rCold  . . .     Clarity  .     l - +0 leather armour (curse)
rNeg   . . .     SustAt   .     (no shield)
rPois  .         Gourm    .     (no helmet)
rElec  .         Spirit   +     d - +0 cloak (curse)
rCorr  +         Dismiss  .     (no gloves)
rMut   .         Stasis   .     s - +1 pair of boots (curse)
MR     +....                    j - amulet of resist corrosion (curse)
Stlth  +++.......               Z - +3 ring of strength (curse)
                                M - +2 ring of dexterity

@: flying, very slightly contaminated, somewhat resistant to hostile
enchantments, fairly stealthy
A: fangs 3, regeneration 2, magic shield, antimagic bite, no device heal 3, rot
immunity
a: Scrying, Renounce Religion


You were on level 10 of the Dungeon.
You worshipped Ashenzari.
Ashenzari was pleased with you.
You were not hungry.

You visited 1 branch of the dungeon, and saw 10 of its levels.

You collected 647 gold pieces.
You spent 567 gold pieces at shops.

Inventory:

Hand Weapons
 a - a +2 dagger
 b - a +0 blowgun (weapon)
Missiles
 e - 16 poisoned needles (quivered)
 f - 4 curare-tipped needles
Armour
 d - a cursed +0 cloak (worn)
 l - a cursed +0 leather armour (worn)
 s - a cursed +1 pair of boots (worn)
Jewellery
 j - a cursed amulet of resist corrosion (around neck)
 n - an uncursed ring of fire
 o - an uncursed ring of sustain attributes
 y - a +6 ring of intelligence
 z - an uncursed ring of protection from magic
 C - an uncursed ring of protection from magic
 M - a +2 ring of dexterity (left hand)
 O - an uncursed ring of flight
 W - an uncursed ring of positive energy
 Z - a cursed +3 ring of strength (right hand)
Wands
 h - a wand of fire (6)
 J - a wand of digging (12)
 Y - a wand of fireball (5)
Scrolls
 i - a scroll of random uselessness {unknown}
 p - 2 scrolls of magic mapping {unknown}
 q - a scroll of enchant weapon {unknown}
 r - a scroll of fog {unknown}
 t - a scroll of curse weapon
 w - 3 scrolls of amnesia {unknown}
 A - a scroll of fear {unknown}
 G - 3 scrolls of enchant armour {unknown}
 K - a scroll of immolation {unknown}
 N - 2 scrolls of blinking {unknown}
 P - a scroll of teleportation {unknown}
 Q - a scroll of vulnerability {unknown}
 S - a scroll of recharging {unknown}
 X - 4 scrolls of remove curse
Potions
 c - 2 potions of resistance {unknown}
 k - 3 potions of poison {unknown}
 x - 5 potions of curing
 B - 2 potions of flight
 D - 2 potions of cancellation
 F - a potion of ambrosia
 H - a potion of beneficial mutation {unknown}
 L - a potion of haste
 T - a potion of degeneration {unknown}
 U - a potion of berserk rage {unknown}
Books
 E - a book of Summonings

   Spells                             Type                      Level
   a - Recall                         Summoning/Translocation      3
   b - Aura of Abjuration             Summoning                    5
   c - Shadow Creatures               Summoning                    5
   d - Summon Demon                   Summoning                    5
   e - Summon Forest                  Summoning/Translocation      5
   f - Summon Mana Viper              Hexes/Summoning              5
 I - a book of Changes

   Spells                             Type                      Level
   a - Beastly Appendage              Transmutation                1
   b - Sticks to Snakes               Transmutation                2
   c - Spider Form                    Transmutation/Poison         3
   d - Ice Form                       Ice/Transmutation            4
   e - Blade Hands                    Transmutation                5
 R - a book of Enchantments

   Spells                             Type                      Level
   a - Cause Fear                     Hexes                        4
   b - Yara's Violent Unravelling     Hexes/Transmutation          5
   c - Silence                        Hexes/Air                    5
   d - Deflect Missiles               Charms/Air                   6
   e - Haste                          Charms                       6
   f - Discord                        Hexes                        8
Comestibles
 g - 9 bread rations
 m - a fruit
 u - 6 chunks of flesh
 v - 9 beef jerkies
 V - 3 meat rations


   Skills:
 + Level 9.8 Fighting
 - Level 10.0 Short Blades
 - Level 4.6 Throwing
 - Level 0.7(1.4) Dodging
 - Level 4.8(6.2) Stealth


You had 9 spell levels left.
You didn't know any spells.

Dungeon Overview and Level Annotations

Branches:
Dungeon (10/15)            Temple (0/1) D:5            Lair (0/8) D:8
    Orc: D:9-12

Altars:
Ashenzari
Dithmenos
Elyvilon
Gozag
Kikubaaqudgha
Nemelex Xobeh
Okawaru
Pakellas
Qazlal
Sif Muna
Vehumet
Xom
Yredelemnul

Shops:
D:6 [![   D:8 *   D:9 [

Annotations:
D:4 Gorice's ghost, amateur OpWn; Grinder
D:10 Snorg


Innate Abilities, Weirdness & Mutations

You have razor-sharp teeth.
You heal very quickly.
When hurt, damage is shared between your health and your magic reserves.
Your bite disrupts and absorbs the magic of your enemies.
Potions and wands cannot restore your health.
You are immune to rotting.


Message History

Aim: Snorg (heavily wounded, slow, poisoned)
You shoot a poisoned needle. The poisoned needle hits Snorg!
Snorg looks even sicker.
Snorg is heavily wounded.
Firing (i - inventory. (,) - cycle):
e - 18 poisoned needles (quivered)
Press: ? - help, Shift-Dir - straight line, f/p - Snorg
Aim: Snorg (heavily wounded, slow, poisoned)
You shoot a poisoned needle. The poisoned needle hits Snorg.
Snorg looks even sicker.
Snorg is heavily wounded.
Firing (i - inventory. (,) - cycle):
e - 17 poisoned needles (quivered)
Press: ? - help, Shift-Dir - straight line, f/p - Snorg
Aim: Snorg (heavily wounded, poisoned)
You shoot a poisoned needle. The poisoned needle hits Snorg!
Snorg is heavily wounded.
Snorg goes berserk!
Snorg bites you.
* * * LOW HITPOINT WARNING * * *
Snorg claws you!
You die...

* , ######## ##......######
####### * #............#
#...... *
#....##.####<##########.#####
* #....##.# #.........##(# ,,
#....##<############.##.#
#....#......@T....##<##.#
##......#########.##.##.#
####...# #(##.##.# *##..#
#...((.(# * #..# ####.#### *
** * #.)# #.# #..# * #.#** *
##.###..####### , ... ,
............>.., ..#


You could see Snorg (berserk).

Vanquished Creatures
  A hill giant (D:10)
  Pikel (D:8)
  Joseph (D:8)
  Maurice (D:9)
  3 wraiths
  A hungry ghost (D:9)
  2 hippogriffs (D:8)
  2 orc warriors
  A slave (D:8)
  An ice beast (D:5)
  A necrophage (D:7)
  3 centaurs
  6 ogres
  3 giant frogs
  9 wights
  2 centaur zombies (D:5)
  3 giant frog zombies
  3 crimson imps
  2 jellies
  3 centaur skeletons
  An orc priest (D:4)
  4 giant frog skeletons
  2 hounds
  An iguana (D:4)
  7 orc wizards
  Crazy Yiuf (D:5)
  4 human zombies (D:7)
  6 worker ants
  2 human skeletons (D:7)
  A hound skeleton (D:5)
  A mummy (D:7)
  2 worker ant zombies
  11 adders
  2 adder skeletons
  3 worms
  5 giant geckos
  26 orcs
  2 ball pythons
  3 giant cockroaches
  6 hobgoblins
  6 jackals
  4 kobolds
  5 quokkas
  A ball python zombie (D:5)
  A bat (D:2)
  A giant gecko zombie (D:5)
  3 giant newts
  5 goblins
  An orc zombie (D:7)
  A quokka skeleton (D:9)
  A quokka zombie (D:5)
  4 rats
172 creatures vanquished.

Vanquished Creatures (others)
  2 slaves (D:8)
  An orc wizard (D:8)
  An orc priest (D:8)
  An adder (D:2)
  An orc (D:8)
  A hobgoblin (D:2)
7 creatures vanquished.

Grand Total: 179 creatures vanquished

Notes
Turn   | Place    | Note
--------------------------------------------------------------
     0 | D:1      | hadoken the Vine Stalker Assassin began the quest for the Orb.
     0 | D:1      | Reached XP level 1. HP: 11/11 MP: 2/2
   573 | D:1      | Reached XP level 2. HP: 15/15 MP: 3/3
   676 | D:2      | Found a shattered altar of Ashenzari.
   754 | D:2      | Became a worshipper of Ashenzari the Shackled
  1063 | D:2      | Reached XP level 3. HP: 18/18 MP: 4/4
  1101 | D:2      | Found a stormy altar of Qazlal.
  1230 | D:2      | Found an oddly glowing altar of Pakellas.
  1684 | D:3      | Found a radiant altar of Vehumet.
  1734 | D:3      | Found an opulent altar of Gozag.
  1787 | D:3      | Reached XP level 4. HP: 23/23 MP: 5/5
  2266 | D:4      | Found a shadowy altar of Dithmenos.
  2306 | D:4      | Reached XP level 5. HP: 20/26 MP: 6/6
  2366 | D:4      | Noticed Gorice's ghost (amateur OpWn)
  2406 | D:4      | Found a sand-covered staircase.
  2669 | D:4      | Gained mutation: You heal very quickly. [Vine Stalker growth]
  2669 | D:4      | Reached XP level 6. HP: 27/30 MP: 5/7
  3042 | D:4      | Noticed Grinder
  3247 | D:5      | Entered Level 5 of the Dungeon
  3322 | D:5      | Reached XP level 7. HP: 30/34 MP: 8/8
  3357 | D:5      | Reached skill level 5 in Short Blades
  3405 | D:5      | Found a staircase to the Ecumenical Temple.
  3510 | D:5      | Found a shimmering altar of Xom.
  3694 | D:5      | Reached skill level 6 in Short Blades
  3836 | D:5      | Reached * piety under Ashenzari
  4032 | D:5      | Noticed Crazy Yiuf
  4038 | D:5      | Killed Crazy Yiuf
  4155 | D:5      | Gained mutation: You have razor-sharp teeth. [Vine Stalker growth]
  4155 | D:5      | Reached XP level 8. HP: 26/38 MP: 9/9
  4196 | D:5      | Reached skill level 7 in Short Blades
  4218 | D:6      | Found Tatec's Distillery.
  4237 | D:6      | Bought a potion of haste for 110 gold pieces
  4237 | D:6      | Bought a potion of haste for 110 gold pieces
  4337 | D:6      | Found Vahiotac's Antique Armour Shop.
  4581 | D:6      | Found a deep blue altar of Sif Muna.
  4831 | D:6      | Found Seorph's Antique Armour Boutique.
  5216 | D:7      | Reached skill level 5 in Fighting
  5532 | D:7      | Found an iron altar of Okawaru.
  5594 | D:7      | Reached XP level 9. HP: 48/48 MP: 10/10
  5603 | D:7      | Found an ancient bone altar of Kikubaaqudgha.
  5926 | D:7      | Found a sparkling altar of Nemelex Xobeh.
  6367 | D:8      | Noticed Joseph
  6427 | D:8      | Killed Joseph
  6427 | D:8      | Reached skill level 8 in Short Blades
  6565 | D:8      | Noticed Pikel
  6599 | D:8      | Killed Pikel
  6599 | D:8      | Reached skill level 9 in Short Blades
  6599 | D:8      | Reached XP level 10. HP: 55/55 MP: 11/11
  6654 | D:8      | Found a staircase to the Lair.
  6936 | D:8      | Found a white marble altar of Elyvilon.
  7002 | D:8      | Found a basalt altar of Yredelemnul.
  7088 | D:8      | Reached skill level 10 in Short Blades
  7169 | D:8      | Found Okinudd's General Store.
  7177 | D:8      | Bought a scroll of remove curse for 39 gold pieces
  7314 | D:9      | Noticed Maurice
  7323 | D:9      | Killed Maurice
  7731 | D:9      | Reached ** piety under Ashenzari
  7958 | D:9      | Found Arhod's Antique Armour Shoppe.
  7967 | D:9      | Bought a polished cloak for 209 gold pieces
  7967 | D:9      | Identified the cursed -5 cloak "Quegrevu" {rF+ rC+} (You bought it in a shop on level 9 of the Dungeon)
  7967 | D:9      | Bought a pair of embroidered boots for 99 gold pieces
  8362 | D:10     | Entered Level 10 of the Dungeon
  8404 | D:10     | Noticed a hill giant
  8471 | D:10     | Killed a hill giant
  8564 | D:10     | Noticed Snorg
  8610 | D:10     | HP: 1/59 [Snorg (4)]
  8630 | D:10     | Slain by Snorg

Vault maps used:
D:1:      dpeg_arrival_more_subterranean_lakeside_camping, serial_park_tiny_pond
D:2:      nicolae_qazlal_eye_of_the_storm, ashenzari_conservatory_becter,
          serial_corexii_hall, corexii_hall_statues_l, corexii_hall_statues_l,
          grunt_pakellas_basics
D:3:      grunt_temple_overflow_open, bh_walls_and_bars
D:4:      lemuel_doored_altar, enter_ossuary_2, minmay_misc_feat_doors,
          uniq_grinder
D:5:      kennysheep_little_box, minmay_temple_entry_large_hall, serial_undead,
          serial_undead_c, serial_undead_c, serial_undead_c, serial_undead_a,
          first_bread, minivault_11, wad_floor_pattern_untrapped,
          uniq_crazy_yiuf_cottage
D:6:      led_sif_pool, serial_shops, shop, shop, shop
D:7:      lemuel_mausoleum_altar_kikubaaqudgha, overflow_temple_1_default,
          grunt_ogre_cave, okawaru_gym_becter
D:8:      kennysheep_ying_yang, lair_0_dummy, serial_shops,
          nicolae_shop_competitors_out_of_business, serial_park_tiny_pond,
          uniq_joseph, uniq_pikel
D:9:      serial_shops, nicolae_shop_competitors_out_of_business,
          kennysheep_generic_room_8, uniq_maurice
D:10:     minmay_distorted_concentric_squares,
          kennysheep_orc_monster_closet_entryway, kennysheep_nub,
          nicolae_elemental_shop, uniq_snorg

Action                   |  1- 3 |  4- 6 |  7- 9 | 10-12 || total
-------------------------+-------+-------+-------+-------++-------
Melee: Dagger            |     5 |    21 |   197 |   140 ||   363
 Fire: Hunting sling     |    17 |       |     4 |       ||    21
       Blowgun           |    53 |    88 |   111 |    66 ||   318
Evoke: Wand              |       |       |     2 |     1 ||     3
  Use: Scroll            |     2 |     5 |       |     3 ||    10
       Potion            |       |       |     6 |     4 ||    10
 Stab: Sleeping          |    11 |    14 |    26 |     9 ||    60
       Distracted        |     1 |     4 |     1 |     5 ||    11
  Eat: Chunk             |     2 |     5 |     6 |     5 ||    18
       Meat ration       |       |       |     1 |       ||     1
       Fruit             |       |       |       |     3 ||     3
       Pizza             |       |       |       |     1 ||     1
